 Dungeon Crawl Stone Soup version 0.30-a0-591-g3c58d2bc28 (webtiles) character file.

Game seed: 10506145988436020160

987 rogsnak the Conjurer (level 7, -2/48 HPs)
             Began as a Demonspawn Fire Elementalist on Jan 6, 2023.
             Was a Follower of Sif Muna.
             Slain by Prince Ribbit (12 damage)
             ... on level 6 of the Dungeon.
             The game lasted 00:10:13 (5099 turns).

rogsnak the Conjurer (Demonspawn Fire Elementalist) Turns: 5099, Time: 00:10:14

Health: -2/48      AC:  3    Str:  8    XL:     7   Next: 97%
Magic:  2/14       EV: 12    Int: 19    God:    Sif Muna [*.....]
Gold:   213        SH:  0    Dex: 13    Spells: 11/15 levels left

rFire   . . .      SeeInvis .    u - +1 short sword (venom)
rCold   . . .      Faith    .    (no shield)
rNeg    . . .      Spirit   .    a - +0 robe
rPois   .          Reflect  .    (no helmet)
rElec   .          Harm     .    e - +0 cloak
rCorr   .          Rampage  .    (no gloves)
Will    .....                    (no boots)
Stlth   ++                       (no amulet)
HPRegen 0.28/turn                (no ring)
MPRegen 0.14/turn                (no ring)

@: no status effects
A: ignite blood 2, demonic magic 1, demonic touch 1
a: Renounce Religion, Channel Magic


You were on level 6 of the Dungeon.
You worshipped Sif Muna.
Sif Muna was aware of your devotion.
You visited 2 branches of the dungeon, and saw 7 of its levels.

You collected 213 gold pieces.

Inventory:

Hand Weapons
 f - a +0 whip of pain
 l - a +2 short sword of protection
 p - a +1 scythe of flaming
 u - a +1 short sword of venom (weapon)
 D - a +1 dagger of freezing
Missiles
 v - 8 poisoned darts
Armour
 a - a +0 robe (worn)
 e - a +0 cloak (worn)
 m - a +0 ring mail of fire resistance
 o - a +0 buckler
Jewellery
 s - an amulet of guardian spirit
 C - a ring of wizardry
Scrolls
 c - 6 scrolls of identify {unknown}
 j - a scroll of magic mapping {unknown}
 n - a scroll of vulnerability {unknown}
 r - a scroll of enchant armour {unknown}
 t - a scroll of enchant weapon {unknown}
 w - a scroll of silence {unknown}
 y - a scroll of amnesia {unknown}
 E - 3 scrolls of teleportation {unknown}
Potions
 b - 2 potions of magic
 d - a potion of degeneration {unknown}
 g - 2 potions of heal wounds {unknown}
 h - 5 potions of mutation {unknown}
 i - a potion of berserk rage {unknown}
 k - a potion of ambrosia {unknown}
 q - a potion of brilliance {unknown}
 x - 2 potions of cancellation {unknown}
 z - a potion of attraction {unknown}
 A - 2 potions of curing {unknown}
 B - a potion of haste {unknown}


   Skills:
 + Level 1.3 Fighting
 + Level 2.3 Dodging
 - Level 2.0 Stealth
 + Level 4.7 Spellcasting
 * Level 5.8 Conjurations
 + Level 4.9 Fire Magic


You had 11 spell levels left.
You knew the following spells:

 Your Spells              Type           Power      Damage    Failure   Level
a - Foxfire               Conj/Fire      96%        2x1d8     1%          1
b - Stone Arrow           Conj/Erth      30%        3d8       12%         3

Your spell library contained the following spells:

 Spells                   Type           Power      Damage    Failure   Level
 Scorch                   Fire           46%        2d7       2%          2
 Sandblast                Erth           8%         2d5       13%         1
 Inner Flame              Hex/Fire       13%        N/A       14%         3
 Flame Wave               Conj/Fire      24%        2d8       14%         4
 Passwall                 Tmut/Erth      3%         N/A       19%         2
 Sublimation of Blood     Necr           4%         N/A       19%         2
 Wereblood                Tmut           4%         N/A       19%         2
 Ignite Poison            Fire/Tmut/Pois 10%        N/A       21%         3
 Kindle Blastsparks       Fire/Tloc/Air  20%        2d11      21%         3
 Portal Projectile        Hex/Tloc       8%         N/A       36%         3
 Tukima's Dance           Hex            4%         N/A       36%         3
 Freezing Cloud           Conj/Ice/Air   5%         6-21      85%         5
 Blade Hands              Tmut           2%         N/A       98%         5
 Summon Hydra             Summ           2%         N/A       100%        7


Dungeon Overview and Level Annotations

Branches:
Dungeon (6/15)             Temple (1/1) D:4

Altars:
Ashenzari
Cheibriados
Dithmenos
Fedhas
Hepliaklqana
Makhleb
Ru
Sif Muna
Trog
Uskayaw
Vehumet
Wu Jian
Yredelemnul

Shops:
D:3 (   D:4 ?

Annotations:
D:5 Blork the orc, Eustachio, Menkaure
D:6 Prince Ribbit


Innate Abilities, Weirdness & Mutations

Your demonic aura often causes spilled blood to erupt in flames.
Spells you cast may paralyse adjacent enemies.
Your touch may inflict minor irresistible damage on your foes.


Message History

The helpless scorpion fails to defend itself.
You hit the scorpion but do no damage.
The scorpion is poisoned.
The scorpion is heavily wounded.
The black bear rages.
Unknown command.
The helpless scorpion fails to defend itself.
You hit the scorpion but do no damage.
The scorpion looks as sick as possible!
The scorpion is heavily wounded.
Unknown command.
The helpless scorpion fails to defend itself.
You hit the scorpion but do no damage.
The scorpion looks as sick as possible!
You touch the scorpion.
You kill the scorpion!
Sif Muna accepts your kill. The black bear misses you.
The black bear claws you. x2
Unknown command.
The black bear attacks as you move away!
The black bear bites you! The black bear claws you.
* * * LOW HITPOINT WARNING * * *
The black bear claws you.
* * * LOW HITPOINT WARNING * * *
You see here a +0 ring mail.
Unknown command.
Casting: Foxfire (safe; 1% risk of failure)
Confirm with . or Enter, or press ? or * to list all spells.
Aiming: Stone Arrow (dangerous; 12% risk of failure)
Press: ? - help, Shift-Dir - straight line, f/p - black bear
Aim: a black bear (flame, severely wounded, berserk, 77% to hit)
The stone arrow hits the black bear!
You kill the black bear!
Sif Muna accepts your kill. Malevolent energies surge around you.
Unknown command.
Unknown command.
Okay, then.
Okay, then.
You closely miss Prince Ribbit. Your touch misses Prince Ribbit.
Prince Ribbit is moderately wounded.
Prince Ribbit hits you!
You die...

########## ##........#
##.........# #....#)##..##
##...#○F#...# # ###..#@.#...#
##. #.h..####...# ....
##..........#
##...####...........#
.......#...#####....#
...........# #..#.##
....#.....######..#..#### ###
.......[..............#.####.##
...?..###...............##....#


You could see Prince Ribbit.

Vanquished Creatures
  Grinder (D:4)
  Sigmund (D:2)
  A black bear (D:6)
  2 phantoms
  A scorpion (D:6)
  2 hounds (D:6)
  2 iguanas (D:6)
  3 orc wizards
  5 adders
  4 dart slugs
  14 orcs
  6 endoplasms
  A giant cockroach (D:4)
  8 hobgoblins
  5 jackals (D:4)
  4 quokkas
  3 ball pythons
  7 bats
  2 frilled lizards (D:2)
  7 goblins
  6 kobolds
  7 rats
92 creatures vanquished.

Vanquished Creatures (others)
  A quokka (D:6)
  346 foxfires
347 creatures vanquished.

Grand Total: 439 creatures vanquished

Notes
Turn   | Place    | Note
-------+----------+-------------------------------------------
     0 | D:1      | rogsnak the Demonspawn Fire Elementalist began the quest
                  | for the Orb.
     0 | D:1      | Reached XP level 1. HP: 13/13 MP: 3/3
   317 | D:1      | Gained mutation: Your demonic aura sometimes causes spilled
                  | blood to erupt in flames. [demonic ancestry]
   317 | D:1      | Reached XP level 2. HP: 19/19 MP: 3/5
  1108 | D:2      | Found a faded altar of an unknown god.
  1191 | D:2      | Reached XP level 3. HP: 20/24 MP: 2/6
  1440 | D:2      | Noticed Sigmund
  1446 | D:2      | Learned a level 3 spell: Stone Arrow
  1684 | D:2      | Killed Sigmund
  1685 | D:2      | Reached skill level 3 in Conjurations
  1685 | D:2      | Gained mutation: Your demonic aura often causes spilled
                  | blood to erupt in flames. [demonic ancestry]
  1685 | D:2      | Reached XP level 4. HP: 31/31 MP: 1/8
  1685 | D:2      | Reached XP level 5. HP: 36/36 MP: 1/9
  2433 | D:3      | Found a sacrificial altar of Ru.
  2509 | D:3      | Found Laguzy's Weapon Emporium.
  2757 | D:3      | Found a burning altar of Makhleb.
  3277 | D:4      | Noticed a phantom
  3289 | D:4      | Killed a phantom
  3290 | D:4      | Gained mutation: Your touch may inflict minor irresistible
                  | damage on your foes. [demonic ancestry]
  3290 | D:4      | Reached XP level 6. HP: 42/42 MP: 5/11
  3400 | D:4      | Found a staircase to the Ecumenical Temple.
  3407 | Temple   | Entered the Ecumenical Temple
  3461 | Temple   | Became a worshipper of Sif Muna the Loreminder
  3521 | D:4      | Found a basalt altar of Yredelemnul.
  3641 | D:4      | Reached skill level 4 in Conjurations
  3798 | D:4      | Found Paroaj's Magic Scroll Boutique.
  3802 | D:4      | Noticed Grinder
  3821 | D:4      | Killed Grinder
  3822 | D:4      | Reached skill level 1 in Fighting
  3822 | D:4      | Gained mutation: Spells you cast may paralyse adjacent
                  | enemies. [demonic ancestry]
  3822 | D:4      | Reached XP level 7. HP: 48/48 MP: 1/13
  4595 | D:5      | Entered Level 5 of the Dungeon
  4605 | D:5      | Noticed Blork the orc
  4605 | D:5      | Noticed Menkaure
  4608 | D:5      | Reached skill level 5 in Conjurations
  4609 | D:5      | Noticed Eustachio
  4781 | D:6      | Reached * piety under Sif Muna
  5074 | D:6      | Noticed Prince Ribbit
  5099 | D:6      | Slain by Prince Ribbit

Illustrated notes

Levels and vault maps discovered:
D:1:      lemuel_arrival_cross, layout_basic
D:2:      layout_basic, basic_ecumenical_altar, uniq_sigmund
D:3:      layout_basic, amcnicky_altar_gilded, mainiacjoe_overflow_alcove_1,
          serial_shops, nicolae_diamond_shop
D:4:      layout_basic, old_standard_altar, minmay_temple_entry_arrows,
          serial_shops, nicolae_diamond_shop, uniq_grinder
D:5:      layout_loops_ring, dk_xom_monty_hall, doesnt_shop_hydraphobe,
          uniq_blork_the_orc, uniq_crazy_yiuf_cottage, uniq_eustachio,
          uniq_menkaure
D:6:      layout_cave_pools, elyvilon_altar_4, corexii_shack,
          nicolae_shop_clearance, uniq_prince_ribbit1
Temple:   nicolae_temple_superstar

Skill      XL: |  1  2  3  4  5  6  7 |
---------------+----------------------+-----
Fire Magic     | 3 4 |  4.9
Dodging        | 2 |  2.3
Stealth        | 2 |  2.0
Spellcasting   | 3 4 |  4.7
Conjurations   | 3 4 5 |  5.8
Fighting       | 1 |  1.3

Action                   |  1- 3 |  4- 6 |  7- 9 || total
-------------------------+-------+-------+-------++-------
Melee: Whip              |    16 |       |       ||    16
       Unarmed           |     1 |       |       ||     1
       Short sword       |    12 |    14 |    15 ||    41
       Punch             |     1 |     1 |       ||     2
       Touch             |       |       |     3 ||     3
 Cast: Foxfire           |    50 |    96 |    71 ||   217
       Stone Arrow       |       |       |     2 ||     2
 Stab: Paralysed         |       |       |     7 ||     7
Armor: Robe              |     5 |     4 |     3 ||    12
Dodge: Dodged            |    21 |    24 |     6 ||    51

Table legend: (Time is in decaauts)
 A = Elapsed time spent in this place.
 B = Non-inter-level travel time spent in this place.
 C = Inter-level travel time spent in this place.
 D = Time resting spent in this place.
 E = Time spent auto-exploring this place.
 F = Levels seen in this place.
 G = Mean time per level.
                   A        B        C        D        E       F      G
               +--------+--------+--------+--------+--------+-----+--------+
         Total |   5102 |   4997 |    105 |    721 |   3295 |   7 |  728.9 |
       Dungeon |   5038 |   4933 |    105 |    721 |   3254 |   6 |  839.7 |
        Temple |     63 |     63 |      0 |      0 |     41 |   1 |   63.0 |
               +--------+--------+--------+--------+--------+-----+--------+

Top non-repeatable levels by time:
     D:4: 1412 daAuts
     D:1: 1158 daAuts
     D:3: 987 daAuts
     D:2: 975 daAuts
     D:6: 485 daAuts
  Temple: 63 daAuts
     D:5: 18 daAuts
